 Dungeon Crawl Stone Soup version 0.29.1-15-g9cfb28693d (webtiles) character file.

Game seed: 5310603554321762152

4257 protoss039 the Covert (level 10, -3/59 HPs)
             Began as a Vampire Enchanter on Mar 26, 2023.
             Slain by a hornet (17 damage)
             ... on level 8 of the Dungeon.
             The game lasted 00:21:39 (9509 turns).

protoss039 the Covert (Vampire Enchanter)           Turns: 9509, Time: 00:21:39

Health: -3/59      AC:  0    Str:  5 (7)  XL:     10   Next: 10%
Magic:  3/16       EV: 24    Int: 16 (18) God:
Gold:   387        SH:  0    Dex: 22 (24) Spells: 3/18 levels left

rFire   . . .      SeeInvis +   (weapon currently unavailable)
rCold   + + .      Faith    .   (shield currently unavailable)
rNeg    + + +      Spirit   .   (body armour currently unavailable)
rPois   ∞          Reflect  .   (helmet currently unavailable)
rElec   .          Harm     .   (cloak currently unavailable)
rCorr   .          Rampage  .   (gloves currently unavailable)
Will    +....                   (boots currently unavailable)
Stlth   +++++++...              (no amulet)
HPRegen 0.00/turn               (ring currently unavailable)
MPRegen 0.15/turn               (ring currently unavailable)

@: bat-form, flying, bloodless, inhibited regen, very quick
A: fast, flying, no casting, tiny, bloodless, fangs 3, see invisible, vampiric 2
a: Revivify, End Transformation


You were on level 8 of the Dungeon.
You were a vampire bat.
You visited 2 branches of the dungeon, and saw 9 of its levels.

You collected 457 gold pieces.
You spent 70 gold pieces at shops.

Inventory:

Hand Weapons
 g - a +0 falchion of electrocution
 J - a +2 vampiric short sword (melded)
Missiles
 v - 9 poisoned darts (quivered)
Armour
 k - a +0 buckler (melded)
 x - a +1 cloak of stealth (melded)
 y - a +1 ring mail of cold resistance
 C - +0 steam dragon scales (melded)
 G - the +16 plate armour "Jysuigh" {rF- rC+ Str+3}
   (You took it off an orc warrior on level 6 of the Dungeon)

   Str:       It affects your strength (+3).
   rF:        It makes you vulnerable to fire.
   rC:        It protects you from cold.
 H - the +1 pair of gloves of Inigu (melded) {rC+}
   (You found it on level 6 of the Dungeon)

   rC:        It protects you from cold.
 I - a +3 leather armour
Jewellery
 h - a ring of protection from fire (melded)
 l - a ring of fire
Wands
 D - a wand of digging (3)
 E - a wand of quicksilver (5)
 F - a wand of roots (6)
Scrolls
 b - a scroll of vulnerability {unknown}
 e - 4 scrolls of poison
 f - a scroll of enchant armour {unknown}
 m - a scroll of identify
 o - 2 scrolls of blinking {unknown}
 p - 4 scrolls of fog
 s - a scroll of immolation {unknown}
 t - a scroll of summoning {unknown}
 u - 2 scrolls of amnesia {unknown}
 z - 2 scrolls of teleportation {unknown}
Potions
 a - a potion of mutation {unknown}
 c - 2 potions of invisibility
 d - 7 potions of curing
 i - 4 potions of heal wounds
 j - 2 potions of flight {unknown}
 n - 2 potions of berserk rage {unknown}
 q - 3 potions of might
 r - 3 potions of ambrosia {unknown}
 w - a potion of brilliance {unknown}
 A - 2 potions of haste {unknown}
 B - a potion of attraction {unknown}
 K - a potion of cancellation {unknown}


   Skills:
 * Level 5.5 Fighting
 + Level 4.7 Short Blades
 - Level 3.0 Throwing
 + Level 3.0 Armour
 + Level 5.3 Dodging
 * Level 10.6 Stealth
 + Level 3.2 Shields
 + Level 4.5 Spellcasting
 + Level 2.1 Conjurations
 - Level 6.0 Hexes
 + Level 0.2 Necromancy
 - Level 3.0 Ice Magic
 + Level 0.8 Evocations


You had 3 spell levels left.
You knew the following spells:

 Your Spells              Type           Power      Damage    Failure   Level
a - Ensorcelled Hibernat  Hex/Ice        36%        N/A       3%          2
b - Confusing Touch       Hex            22%        N/A       4%          3
c - Tukima's Dance        Hex            22%        N/A       4%          3
d - Dazzling Flash        Conj/Hex       32%        N/A       9%          3
e - Slow                  Hex            88%        N/A       1%          1
f - Vampiric Draining     Necr           4%         2d6       41%         3

Your spell library contained the following spells:

 Spells                   Type           Power      Damage    Failure   Level
 Ozocubu's Armour         Ice            13%        N/A       14%         3
 Metabolic Englaciation   Hex/Ice        9%         N/A       56%         5
 Simulacrum               Ice/Necr       4%         N/A       100%        6


Dungeon Overview and Level Annotations

Branches:
Dungeon (8/15) Zot: 26900  Temple (1/1) D:5 Zot: 5998
   Lair: D:8-11

Altars:
Ashenzari
Cheibriados
Fedhas
Gozag
Hepliaklqana
Makhleb
Nemelex Xobeh
Qazlal
Ru
Sif Muna
Trog
Vehumet
Wu Jian
Xom

Shops:
D:4 !   D:7 *


Innate Abilities, Weirdness & Mutations

You are a vampire bat.
You are tiny and dextrous.
You move quickly.
You are flying.
You are immune to poison.
Your equipment is almost entirely melded.
You are incapable of wielding weapons or throwing items.
You cannot cast spells.
You do not regenerate when monsters are visible.
You are frail without blood (-20% HP).
You can heal yourself when you bite living creatures.
You are immune to poison.
You have razor-sharp teeth.
You have supernaturally acute eyesight. (SInv)
You are afflicted with vampirism and can become a bat while bloodless.


Message History

Aim: a two-headed ogre, wielding two +0 giant clubs (chance to affect: 38%)
The two-headed ogre resists with some effort.
The two-headed ogre hits you with a +0 giant club! x2
Unknown command.
Casting: Tukima's Dance (dangerous; 4% risk of failure)
Confirm with . or Enter, or press ? or * to list all spells.
Aiming: Ensorcelled Hibernation (safe; 4% risk of failure)
Press: ? - help, Shift-Dir - straight line, f/p - two-headed ogre
Aim: a two-headed ogre, wielding two +0 giant clubs (chance to affect: 35%)
The two-headed ogre easily resists.
The two-headed ogre hits you with a +0 giant club!
The two-headed ogre hits you with a +0 giant club!!
* * * LOW HITPOINT WARNING * * *
Unknown command.
Okay, then.
Okay, then.
You turn into a vampire bat.
Your +2 vampiric short sword melds into your body.
Your +1 cloak of stealth melds into your body.
The +1 pair of gloves of Inigu {rC+} melds into your body.
Your +0 buckler melds into your body.
Your +0 steam dragon scales melds into your body.
Your ring of protection from fire melds into your body.
You feel your glee subside.
You feel less stealthy.
You feel weakened.
You feel dopey.
You feel clumsy.
Found a potion of curing.
An orc and an orc wizard come into view.
An orc comes into view. It is wielding a +0 hand axe.
A hornet and an orc come into view.
Found a scroll of identify.
The helpless orc fails to defend itself.
You draw the orc's blood!
You feel better.
You hit the orc. You bite the orc.
The orc is heavily wounded.
The orc completely misses you.
You can't do that in your present form.
The helpless hornet fails to defend itself.
You hit the hornet.
The hornet is lightly wounded.
The hornet stings you!
You die...

#.#........ #.#.......#
#####.#.......#
####.....#.o.....#
#.......##.o.....#
#.##.##.##..o....#
#.##.##.##.......#
#.##.##.##y##o##?####
#.##.##.##.b........#
#.##.##.#####.#####.#
#.......#####.## ##.#
####...........#.....
########...........<.##.
#.........#.#............
#.#####..............###.#
##O#####...#.#........#
....O.##.............##


You could see a hornet and an orc.

Vanquished Creatures
  Pikel (D:5)
  The ghost of MrClown the Tormented, a novice DsNe of Kikubaaqudgha (D:6)
  Grinder (D:3)
  Sigmund (D:2)
  A yak (D:8)
  A steam dragon (D:5)
  Menkaure (D:6)
  2 water moccasins (D:7)
  3 orc warriors
  A sky beast (D:7)
  4 black bears
  2 ice beasts (D:6)
  4 ogres
  2 bullfrogs
  A scorpion (D:7)
  3 wights (D:6)
  A howler monkey (D:6)
  2 jellies
  3 orc priests
  8 hounds
  Crazy Yiuf (D:2)
  A gnoll bouda (D:6)
  3 iguanas
  4 orc wizards
  7 gnolls
  5 adders
  3 river rats (D:5)
  2 white imps
  2 ufetubi
  4 worms
  A dart slug (D:3)
  21 orcs
  5 ball pythons
  3 bats
  4 endoplasms
  2 giant cockroaches (D:4)
  19 goblins
  10 hobgoblins
  4 kobolds
  4 quokkas
  12 frilled lizards
  7 rats
167 creatures vanquished.

Vanquished Creatures (collateral kills)
  A gnoll (D:3)
  An adder (D:4)
  An orc (D:6)
  A giant cockroach (D:4)
4 creatures vanquished.

Vanquished Creatures (others)
  3 dancing weapons
  11 plants
14 creatures vanquished.

Grand Total: 185 creatures vanquished

Notes
Turn   | Place    | Note
-------+----------+-------------------------------------------
     0 | D:1      | protoss039 the Vampire Enchanter began the quest for the
                  | Orb.
     0 | D:1      | Reached XP level 1. HP: 13/13 MP: 3/3
   724 | D:1      | Found a faded altar of an unknown god.
  1022 | D:1      | Reached XP level 2. HP: 16/16 MP: 5/5
  1255 | D:1      | Learned a level 2 spell: Ensorcelled Hibernation
  1263 | D:2      | Found a runed translucent door.
  1264 | D:2      | Noticed Crazy Yiuf
  1434 | D:2      | Reached skill level 5 in Stealth
  1503 | D:2      | Reached skill level 1 in Fighting
  1604 | D:2      | Gained mutation: You are afflicted with vampirism and can
                  | become a bat while bloodless. [Vampire growth]
  1604 | D:2      | Reached XP level 3. HP: 16/20 MP: 6/6
  2132 | D:2      | Noticed Sigmund
  2139 | D:2      | Killed Sigmund
  2140 | D:2      | Reached skill level 5 in Hexes
  2140 | D:2      | Reached skill level 1 in Ice Magic
  2140 | D:2      | Reached XP level 4. HP: 20/26 MP: 0/7
  2140 | D:2      | Reached XP level 5. HP: 23/30 MP: 0/8
  2574 | D:2      | Killed Crazy Yiuf
  2575 | D:2      | Reached skill level 6 in Stealth
  2718 | D:2      | Learned a level 3 spell: Confusing Touch
  2722 | D:2      | Learned a level 3 spell: Tukima's Dance
  2781 | D:3      | Found a snail-covered altar of Cheibriados.
  2783 | D:3      | Noticed a torpor snail
  3024 | D:3      | Noticed Grinder
  3054 | D:3      | Killed Grinder
  3055 | D:3      | Reached XP level 6. HP: 20/36 MP: 7/10
  4179 | D:4      | Reached XP level 7. HP: 40/40 MP: 8/11
  4183 | D:4      | Reached skill level 1 in Armour
  4336 | D:4      | Reached skill level 1 in Throwing
  4336 | D:4      | Reached skill level 7 in Stealth
  4408 | D:4      | Found Gaffaal's Distillery.
  4411 | D:4      | Bought a potion of might for 56 gold pieces
  4411 | D:4      | Bought a potion of degeneration for 14 gold pieces
  5137 | D:4      | Found a sacrificial altar of Ru.
  5354 | D:4      | Learned a level 3 spell: Dazzling Flash
  5355 | D:5      | Entered Level 5 of the Dungeon
  5375 | D:5      | Found a staircase to the Ecumenical Temple.
  5396 | Temple   | Entered the Ecumenical Temple
  5838 | D:4      | Reached skill level 1 in Shields
  5838 | D:4      | Reached XP level 8. HP: 46/46 MP: 7/12
  5920 | D:5      | Reached skill level 8 in Stealth
  6071 | D:5      | Noticed Pikel
  6716 | D:5      | Found a sparkling altar of Nemelex Xobeh.
  6784 | D:5      | Killed Pikel
  6785 | D:5      | Reached skill level 9 in Stealth
  6785 | D:5      | Reached skill level 1 in Conjurations
  6785 | D:5      | Reached XP level 9. HP: 52/52 MP: 11/14
  7232 | D:6      | Found a runed translucent gate.
  7232 | D:6      | Found a runed translucent gate.
  7232 | D:6      | Found a runed translucent gate.
  7232 | D:6      | Noticed MrClown's ghost (novice DsNe)
  7861 | D:6      | Noticed Menkaure
  7873 | D:6      | Killed Menkaure
  7874 | D:6      | Reached skill level 5 in Fighting
  8022 | D:6      | Identified the +16 plate armour "Jysuigh" {rF- rC+ Str+3}
  8101 | D:6      | Reached skill level 5 in Dodging
  8110 | D:6      | Killed MrClown's ghost
  8111 | D:6      | Reached skill level 10 in Stealth
  8310 | D:6      | Identified the +1 pair of gloves of Inigu {rC+}
  8944 | D:7      | Found Hoyczy's Serpentskin Sales.
  8953 | D:7      | Reached XP level 10. HP: 59/59 MP: 13/16
  9151 | D:7      | Found a burning altar of Makhleb.
  9152 | D:7      | Noticed an angel
  9152 | D:7      | Noticed an Executioner
  9395 | D:7      | Learned a level 1 spell: Slow
  9399 | D:7      | Learned a level 3 spell: Vampiric Draining
  9459 | D:8      | Noticed a two-headed ogre
  9509 | D:8      | Slain by a hornet

Illustrated notes

Levels and vault maps discovered:
D:1:      dpeg_arrival_three_smaller_balls, layout_loops_ring,
          shapermc_ecumenical_altar_hornbeckon, minmay_lizard_king
D:2:      cheibrodos_greedy_goblins, layout_loops_ring, uniq_sigmund,
          uniq_crazy_yiuf_cottage
D:3:      corexii_shack_village, layout_basic, cheibriados_altar_2,
          minmay_misc_feat_five, nrook_mini_vaults, uniq_grinder
D:4:      layout_layer_cave, nicolae_ru_sacrificial_ziggurat, serial_shops,
          nicolae_shop_behind_doors
D:5:      cheibrodos_quashed, layout_basic, nemelex_dance_club_becter,
          minmay_temple_entry_grid, portal_sewer_entry_b, sigmund_army,
          uniq_pikel
D:6:      layout_cave_pools, biasface_ghost_orc_armoury, grunt_decor_one_mirror,
          uniq_menkaure
D:7:      layout_gridville, grunt_temple_overflow_order_and_chaos_2,
          guppyfry_shop_venom
D:8:      layout_loops_cross, nicolae_dithmenos_through_a_glass_darkly,
          serial_ice, serial_ice_b, serial_ice_c, serial_ice_j, serial_ice_m,
          serial_ice_f, enter_bailey_3, minmay_misc_feat_square
Temple:   minmay_freezing_vapour_temple

Skill      XL: |  1  2  3  4  5  6  7  8  9 10 |
---------------+-------------------------------+-----
Stealth        | 5 6 7 9 10 | 10.6
Fighting       | 1 2 3 4 5 |  5.5
Short Blades   | 2 3 4 |  4.7
Dodging        | 3 4 5 |  5.3
Hexes          | 5 6 |  6.0
Ice Magic      | 1 2 3 |  3.0
Armour         | 1 2 3 |  3.0
Spellcasting   | 3 4 |  4.5
Throwing       | 1 2 3 |  3.0
Shields        | 1 2 3 |  3.2
Conjurations   | 1 2 |  2.1
Necromancy     | |  0.2
Evocations     | |  0.8

Action                   |  1- 3 |  4- 6 |  7- 9 | 10-12 || total
-------------------------+-------+-------+-------+-------++-------
Melee: Dagger            |   105 |    64 |   192 |       ||   361
       Bite              |     2 |     4 |    23 |     1 ||    30
       Punch             |     1 |       |     1 |       ||     2
       Falchion          |       |       |    16 |       ||    16
       Short sword       |       |       |     9 |     6 ||    15
       Unarmed           |       |       |       |     2 ||     2
 Cast: Ensorcelled Hiber |    13 |    16 |    84 |     7 ||   120
       Confusing Touch   |       |     1 |     8 |       ||     9
       Tukima's Dance    |       |     1 |    15 |     4 ||    20
       Dazzling Flash    |       |       |     2 |       ||     2
 Abil: Exsanguinate      |     1 |       |       |       ||     1
       Bat Form          |       |       |     1 |     1 ||     2
       End Transformatio |       |       |     1 |       ||     1
Evoke: Wand              |       |       |     1 |       ||     1
  Use: Potion            |     1 |       |       |       ||     1
       Scroll            |       |     3 |     2 |       ||     5
 Stab: Sleeping          |    18 |    25 |    71 |     8 ||   122
       Confused          |       |     2 |     9 |       ||    11
       Invisible         |       |       |     1 |       ||     1
Armor: Robe              |    17 |     9 |     5 |       ||    31
       Steam dragon scal |       |       |    59 |     1 ||    60
Dodge: Dodged            |    57 |    22 |   166 |     4 ||   249
Block: Buckler           |       |       |    59 |     1 ||    60
